 Dungeon Crawl Stone Soup version 0.15.2 (webtiles) character file.

886 Huymann the Magician (level 7, -4/40 HPs)
             Began as a Deep Elf Wizard on Mar 15, 2015.
             Slain by a water moccasin (6 damage)
             ... on Level 5 of the Dungeon.
             The game lasted 00:51:52 (6567 turns).

Huymann the Magician (Deep Elf Wizard)              Turns: 6567, Time: 00:51:54

HP  -4/40        AC  5     Str  6      XL: 7   Next: 77%
MP   8/25        EV 14     Int 23      God:
Gold 229         SH  0     Dex 17      Spells:  6 memorised,  7 levels left

rFire  . . .     SeeInvis .     w - +1 dagger (speed)
rCold  . . .     Clarity  .     a - +1 robe
rNeg   . . .     rCorr    +     (no shield)
rPois  .         rRot     .     b - +0 hat
rElec  .         Spirit   .     F - +0 cloak
SustAb .         Warding  .     C - +0 pair of gloves
rMut   .         Stasis   .     (no boots)
Gourm  .                        s - amulet of resist corrosion
MR     .....                    (no ring)
                                n - +4 ring of dexterity

@: very slightly contaminated, repel missiles, not resistant to hostile
enchantments, fairly stealthy
A: no striking features
a: no special abilities


You were on level 5 of the Dungeon.
You were not hungry.

You visited 2 branches of the dungeon, and saw 6 of its levels.

You collected 229 gold pieces.

Inventory:

Hand weapons
 e - a +0 dagger
 w - a +1 dagger of speed (weapon)
Missiles
 j - 22 poisoned needles
 t - 8 tomahawks
 x - 8 poisoned tomahawks (quivered)
Armour
 a - a +1 robe (worn)
 b - a +0 hat (worn)
 g - a cursed +0 ring mail
 l - a +3 leather armour
 r - a +0 buckler
 C - a +0 pair of gloves (worn)
 F - a +0 cloak (worn)
Magical devices
 y - a wand of frost (7)
Comestibles
 d - 2 bread rations
 o - 2 beef jerkies
 q - 3 meat rations
 u - a royal jelly
 E - a chunk of giant gecko flesh
 G - 4 chunks of centaur flesh
Scrolls
 m - a scroll of immolation
 p - 3 scrolls of remove curse
 D - 2 scrolls of enchant armour
 I - a scroll of magic mapping
Jewellery
 n - a +4 ring of dexterity (left hand)
 s - an amulet of resist corrosion (around neck)
Potions
 f - a potion of brilliance
 i - a potion of restore abilities {unknown}
 k - a potion of haste {unknown}
 v - a potion of poison {unknown}
 z - a potion of might {unknown}
 A - a potion of mutation {unknown}
 B - a potion of lignification {unknown}
Books
 c - a book of Minor Magic

   Spells                             Type                      Level
   *Magic Dart                        Conjuration                  1
   *Blink                             Translocation                2
   *Call Imp                          Summoning                    2
   *Repel Missiles                    Charms/Air                   2
   Slow                               Hexes                        2
   *Conjure Flame                     Conjuration/Fire             3
   *Mephitic Cloud                    Conjuration/Poison/Air       3


   Skills:
 * Level 2.4 Fighting
 * Level 3.0 Short Blades
 + Level 0.2 Throwing
 * Level 3.9 Dodging
 * Level 3.9 Stealth
 * Level 1.7 Shields
 + Level 7.1 Spellcasting
 * Level 3.4 Conjurations
 + Level 2.5 Summonings
 + Level 1.5 Translocations
 + Level 0.4 Fire Magic
 + Level 0.2 Air Magic
 + Level 0.4 Poison Magic


You had 7 spell levels left.
You knew the following spells:

 Your Spells              Type           Power        Failure   Level  Hunger
a - Magic Dart            Conj           ###.         1%          1    None
b - Blink                 Tloc           N/A          10%         2    None
c - Call Imp              Summ           ###.....     4%          2    None
d - Mephitic Cloud        Conj/Pois/Air  ##......     14%         3    None
e - Conjure Flame         Conj/Fire      ###.....     12%         3    None
f - Repel Missiles        Chrm/Air       #.....       14%         2    None


Dungeon Overview and Level Annotations

Branches:
Dungeon (5/15)             Temple (1/1) D:4

Altars:
Cheibriados
Dithmenos
Elyvilon
Fedhas
Kikubaaqudgha
Qazlal
Sif Muna
Trog
Xom
Yredelemnul
Zin
The Shining One

Annotations:
D:3 Heini's ghost, average MiFi


Message History

Confirm with . or Enter, or press ? or * to list all spells.
You blink.
The centaur wields an uncursed shortbow.
The centaur shoots an arrow of flame.
The arrow of flame hits you!
* * * LOW HITPOINT WARNING * * *
The arrow of flame burns you.
* * * LOW HITPOINT WARNING * * *
Casting: Blink
Confirm with . or Enter, or press ? or * to list all spells.
You miscast Repel Missiles.
You are very lightly contaminated with residual magic.
Nothing appears to happen.
The centaur shoots an arrow.
The arrow completely misses you.
Casting: Repel Missiles
Confirm with . or Enter, or press ? or * to list all spells.
You feel protected from missiles. The water moccasin barely misses you.
The centaur shoots an arrow of flame.
The arrow of flame is repelled.
The centaur shoots an arrow.
The arrow is repelled.
The water moccasin bites you.
You die...

#......## ##....## ##>..##
#...## #.#.# . ###.# ...
#.## ..... #..##### #######
#..... #......#####@S.(.#
#......
##.............(..##......#
#...............c((..#
##...................##
#.................c..#
##....................##
#...................ยง..##
##................b......##
#.........................#


You could see a water moccasin, 2 centaurs and a bat (confused).

Vanquished Creatures
  A phantom (D:4)
  A centaur (D:5)
  A centaur skeleton (D:4)
  An iguana (D:5)
  4 worker ants (D:4)
  Jessica (D:2)
  A gnoll (D:5)
  9 adders
  An inept feature mimic (D:4)
  A worm (D:5)
  4 giant geckos
  An ooze (D:2)
  2 orcs
  3 giant cockroaches
  8 hobgoblins
  9 kobolds
  2 ball pythons
  14 bats
  A giant gecko skeleton (D:4)
  13 giant newts
  A giant newt zombie (D:5)
  12 goblins
  4 jackals
  3 orc skeletons
  9 rats
107 creatures vanquished.

Vanquished Creatures (collateral kills)
  Edmund (D:5)
  An ogre (D:5)
  A black bear (D:5)
  A scorpion (D:5)
  A crimson imp (D:5)
  2 worker ants
  Terence (D:2)
  2 gnolls (D:5)
  An adder (D:2)
  A worm (D:2)
  A giant cockroach (D:2)
  A goblin (D:3)
  A hobgoblin (D:4)
  3 jackals
  A quokka (D:4)
  A giant gecko (D:2)
20 creatures vanquished.

Vanquished Creatures (others)
  An iron imp (D:5)
  A shadow imp (D:5)
  3 white imps
  A kobold skeleton (D:4)
6 creatures vanquished.

Grand Total: 133 creatures vanquished

Notes
Turn   | Place    | Note
--------------------------------------------------------------
     0 | D:1      | Huymann, the Deep Elf Wizard, began the quest for the Orb.
     0 | D:1      | Reached XP level 1. HP: 10/10 MP: 6/6
   250 | D:1      | Reached XP level 2. HP: 15/15 MP: 2/10
   606 | D:1      | Learned a level 2 spell: Blink
   710 | D:1      | Reached skill level 1 in Short Blades
  1257 | D:1      | Reached XP level 3. HP: 19/19 MP: 11/13
  1261 | D:1      | Learned a level 2 spell: Call Imp
  1494 | D:2      | Noticed Terence
  1502 | D:2      | Learned a level 3 spell: Mephitic Cloud
  1523 | D:2      | Killed Terence
  2028 | D:2      | Reached skill level 5 in Spellcasting
  2152 | D:2      | Found a bloodstained altar of Trog.
  2234 | D:2      | Reached skill level 1 in Fighting
  2266 | D:2      | Reached XP level 4. HP: 25/25 MP: 12/17
  2315 | D:2      | Noticed Jessica
  2327 | D:2      | Killed Jessica
  2602 | D:2      | Found a shadowy altar of Dithmenos.
  2602 | D:2      | Found a deep blue altar of Sif Muna.
  2684 | D:2      | Found a stormy altar of Qazlal.
  2821 | D:2      | Learned a level 3 spell: Conjure Flame
  2842 | D:3      | Noticed Heini's ghost (average MiFi)
  3331 | D:4      | Found a shadowy altar of Dithmenos.
  3493 | D:4      | Reached XP level 5. HP: 23/29 MP: 15/19
  4262 | D:4      | Noticed a phantom
  4493 | D:4      | Reached XP level 6. HP: 30/34 MP: 16/21
  4737 | D:4      | Reached skill level 6 in Spellcasting
  4820 | D:4      | Killed a phantom
  4820 | D:4      | Reached skill level 1 in Shields
  4961 | D:4      | Found a staircase to the Ecumenical Temple.
  4971 | Temple   | Entered the Ecumenical Temple
  5419 | D:5      | Entered Level 5 of the Dungeon
  5544 | D:5      | Learned a level 2 spell: Repel Missiles
  5600 | D:5      | Reached XP level 7. HP: 40/40 MP: 18/24
  5719 | D:5      | Noticed Edmund
  5735 | D:5      | Killed Edmund
  6154 | D:5      | Reached skill level 7 in Spellcasting
  6545 | D:5      | Noticed a water moccasin
  6561 | D:5      | HP: 2/40 [water moccasin (7)]
  6567 | D:5      | Slain by a water moccasin

Action                   |  1- 3 |  4- 6 |  7- 9 || total
-------------------------+-------+-------+-------++-------
Melee: Dagger            |    22 |    95 |    37 ||   154
Throw: Tomahawk          |       |     4 |       ||     4
 Cast: Magic Dart        |    94 |    99 |    34 ||   227
       Blink             |     1 |     9 |     3 ||    13
       Call Imp          |     2 |    29 |    15 ||    46
       Mephitic Cloud    |     1 |     9 |     7 ||    17
       Conjure Flame     |       |     7 |     2 ||     9
       Repel Missiles    |       |       |     1 ||     1
Evoke: Wand              |       |       |     3 ||     3
  Use: Scroll            |     7 |     5 |       ||    12
       Potion            |       |     2 |     1 ||     3
 Stab: Sleeping          |     1 |     1 |       ||     2
       Confused          |       |     6 |     4 ||    10
       Distracted        |       |     1 |       ||     1
  Eat: Chunk             |     4 |    11 |     3 ||    18
